 Dungeon Crawl Stone Soup version 0.31.0-11-ge490571c62 (webtiles) character file.

Game seed: 1742715822587615353

858 stipulation the Grave Robber (level 8, -3/36 HPs)
             Began as a Vine Stalker Necromancer on Jan 27, 2024.
             Slain by Pikel
             ... wielding a +1 whip of freezing
              (13 damage)
             ... on level 4 of the Dungeon on Jan 28, 2024.
             The game lasted 00:11:56 (6154 turns).

stipulation the Grave Robber (VSNe)                 Turns: 6154, Time: 00:11:56

Health: -3/36      AC:  2    Str: 11    XL:     8   Next: 2%
Magic:  0/18       EV: 17    Int: 17    God:
Gold:   150        SH:  0    Dex: 15    Spells: 8/20 levels left

rFire   . . .        (no weapon)
rCold   . . .        (no shield)
rNeg    . . .        a - +0 robe
rPois   .            (no helmet)
rElec   .            (no cloak)
rCorr   .            (no gloves)
SInv    +            (no boots)
Will    +....        (no amulet)
Stlth   ++           d - +5 ring of evasion
HPRegen 1.06/turn    n - ring of see invisible
MPRegen 0.16/turn

%: guardian spirit
@: no status effects
A: fangs 3, regeneration 1, magic shield, antimagic bite, no potion heal 2
a: no special abilities


You were on level 4 of the Dungeon.
You visited 1 branch of the dungeon, and saw 5 of its levels.

You collected 150 gold pieces.

Inventory:

Hand Weapons
 g - a +0 dagger
 p - a +0 hand axe
Armour
 a - a +0 robe (worn)
Jewellery
 d - a +5 ring of evasion (left hand)
 n - a ring of see invisible (right hand)
Scrolls
 f - a scroll of teleportation
 i - 2 scrolls of identify
 m - a scroll of poison
 o - a scroll of immolation {unknown}
 q - a scroll of fear {unknown}
 r - a scroll of revelation {unknown}
Potions
 b - 2 potions of magic
 c - 4 potions of curing
 e - 2 potions of mutation
 h - a potion of attraction {unknown}
 j - 2 potions of heal wounds {unknown}
 k - 2 potions of berserk rage {unknown}
 l - a potion of might {unknown}


   Skills:
 - Level 1.5 Dodging
 - Level 2.4 Stealth
 + Level 6.5 Spellcasting
 + Level 7.4 Necromancy


You had 8 spell levels left.
You knew the following spells:

 Your Spells              Type           Power      Damage    Failure   Level
a - Necrotise             Necr           100%       1d9       1%          1
b - Vampiric Draining     Necr           30%        2d8       1%          3
c - Animate Dead          Necr           30%        N/A       6%          4
d - Anguish               Hex/Necr       9%         N/A       26%         4

Your spell library contained the following spells:

 Spells                   Type           Power      Damage    Failure   Level
 Fugue of the Fallen      Necr           30%        N/A       1%          3
 Curse of Agony           Necr           30%        N/A       16%         5
 Ensorcelled Hibernation  Hex/Ice        10%        N/A       19%         2


Dungeon Overview and Level Annotations

Branches:
Dungeon (5/15)
 Temple: D:4-7

Altars:
Xom

Annotations:
D:1 2 transporters
D:4 Pikel


Innate Abilities, Weirdness & Mutations

You have razor-sharp teeth.
Your natural rate of healing is unusually fast.
When hurt, damage is shared between your health and your magic reserves.
Your bite disrupts and absorbs the magic of your enemies.
Potions cannot restore your health.


Message History

You hit Pikel but do no damage.
Pikel is almost dead.
Pikel hits you with a +1 whip of freezing!
Pikel freezes you.
You hit Pikel but do no damage.
Pikel is almost dead.
Pikel barely misses you.
You hit Pikel.
Pikel is almost dead.
Pikel closely misses you.
You hit Pikel but do no damage. Your bite misses Pikel.
Pikel is almost dead.
Pikel closely misses you.
You hit Pikel but do no damage. You bite Pikel, but do no damage.
Pikel is almost dead.
Pikel hits you but does no damage.
You hit Pikel but do no damage. You bite Pikel, but do no damage.
Pikel is almost dead.
Pikel hits you but does no damage.
You closely miss Pikel. You bite Pikel. You drain his power.
You feel invigorated.
Pikel is almost dead.
Pikel hits you with a +1 whip of freezing!
Pikel freezes you.
* * * LOW HITPOINT WARNING * * *
Your magical contamination has completely faded away.
You hit Pikel but do no damage. Your bite misses Pikel.
Pikel is almost dead.
Pikel barely misses you.
You hit Pikel but do no damage.
Pikel is almost dead.
Pikel closely misses you.
You hit Pikel but do no damage.
Pikel is almost dead.
Pikel completely misses you.
You barely miss Pikel. You bite Pikel, but do no damage.
Pikel is almost dead.
Pikel hits you with a +1 whip of freezing!
You die...
Pikel says, "Another soul for the market."

,,,,..(.#########'###..##...#....
*****#..............#####...#....
,* #..............#.......#....
,* #..............#.......#....
,* #......(.......#.......#....
*****#..............#############
**,..####'##################
,,.....)(...#...#.....#~~~~♣♣ ♣♣♣
,,..........#..K@.....#~~...♣♣♣P♣
,,....).....'..##[....#~~...P.♣P.
,,..........#..####'###♣♣♣.......
**....####'###'###...# ♣♣.......
**....#.........###'###♣♣(.......
**...,#.........#.....#..(..(.♣..
,,,,,,#.........#.....'...♣♣♣♣♣♣.
,,,,,,#.........#.....#..♣♣ ♣♣
,,,,,,#.........##########**####*


You could see Pikel.

Vanquished Creatures
  A black bear (D:3)
  2 ogres (D:4)
  A centaur (D:5)
  4 lemures
  A scorpion (D:4)
  2 orc priests
  4 orc wizards
  6 adders
  11 gnolls
  A dart slug (D:3)
  2 ribbon worms
  17 orcs
  12 endoplasms
  4 giant cockroaches
  7 goblins
  11 hobgoblins
  7 jackals
  4 quokkas
  6 ball pythons
  8 bats
  2 frilled lizards
  8 kobolds
  6 rats
127 creatures vanquished.

Vanquished Creatures (collateral kills)
  A gnoll (D:2)
  An orc (D:4)
  A goblin (D:1)
3 creatures vanquished.

Vanquished Creatures (others)
  A gnoll zombie (D:4)
  2 ball python zombies (D:4)
  A goblin zombie (D:4)
  4 jackal zombies (D:4)
  An orc zombie (D:4)
9 creatures vanquished.

Grand Total: 139 creatures vanquished

Notes
Turn   | Place    | Note
-------+----------+-------------------------------------------
     0 | D:1      | stipulation the Vine Stalker Necromancer began the quest
                  | for the Orb.
     0 | D:1      | Reached XP level 1. HP: 9/9 MP: 4/4
   142 | D:1      | Reached XP level 2. HP: 9/13 MP: 1/6
   241 | D:1      | Reached XP level 3. HP: 15/16 MP: 2/8
  1142 | D:2      | Reached XP level 4. HP: 4/21 MP: 0/10
  1294 | D:2      | Learned a level 3 spell: Vampiric Draining
  1299 | D:2      | Learned a level 4 spell: Animate Dead
  1500 | D:2      | Reached skill level 5 in Necromancy
  1590 | D:2      | Found a faded altar of an unknown god.
  1895 | D:2      | Reached XP level 5. HP: 24/24 MP: 4/11
  2619 | D:3      | Reached XP level 6. HP: 28/28 MP: 8/13
  2872 | D:3      | Reached skill level 6 in Necromancy
  3580 | D:4      | Found a shimmering altar of Xom.
  3582 | D:4      | Noticed a black bear
  3603 | D:3      | Reached skill level 5 in Spellcasting
  3607 | D:3      | Killed a black bear
  3863 | D:4      | Reached XP level 7. HP: 27/32 MP: 8/16
  4284 | D:4      | Learned a level 4 spell: Anguish
  4457 | D:4      | Noticed Pikel
  4750 | D:5      | Entered Level 5 of the Dungeon
  4940 | D:5      | Reached skill level 7 in Necromancy
  5174 | D:4      | Gained mutation: You have razor-sharp teeth. [Vine Stalker
                  | growth]
  5174 | D:4      | Reached XP level 8. HP: 34/36 MP: 1/18
  5953 | D:4      | Found a shimmering altar of Xom.
  6154 | D:4      | Slain by Pikel

Illustrated notes

Levels and vault maps discovered:
D:1:      spicycebolla_arrival_transporter_tutorial, layout_rooms,
          minmay_misc_feat_nine_boxes, item_on_display_a
D:2:      layout_basic, basic_ecumenical_altar, serial_park_tiny_1
D:3:      layout_basic, minmay_misc_feat_chi, grunt_decor_mini_mirrors
D:4:      layout_gridville, mainiacjoe_overflow_boulevard,
          nicolae_zen_rock_garden, chequers_serial_rivers_micro_c, uniq_pikel
D:5:      layout_cave_pools, marbit_many_paths

Skill      XL: |  1  2  3  4  5  6  7 |
---------------+----------------------+-----
Spellcasting   | 3 4 5 6 |  6.5
Necromancy     | 5 6 7 |  7.4
Dodging        | |  1.5
Stealth        | |  2.4

Action                     |  1- 3 |  4- 6 |  7- 9 || total
---------------------------+-------+-------+-------++-------
  Melee: Unarmed           |    78 |    14 |   170 ||   262
         Bite              |    15 |     2 |    62 ||    79
         Punch             |       |       |     5 ||     5
   Cast: Necrotise         |    39 |   131 |    51 ||   221
         Vampiric Draining |       |     6 |    20 ||    26
         Animate Dead      |       |       |     3 ||     3
    Use: Scroll            |     1 |     3 |     2 ||     6
   Stab: Sleeping          |     2 |       |       ||     2
 Armour: Robe              |    37 |    32 |   114 ||   183
  Dodge: Dodged            |    68 |    49 |   191 ||   308
